%YAML 1.1
%TAG !u! tag:unity3d.com,2011:
--- !u!1 &7210469026851898385
GameObject:
  m_ObjectHideFlags: 0
  m_CorrespondingSourceObject: {fileID: 0}
  m_PrefabInstance: {fileID: 0}
  m_PrefabAsset: {fileID: 0}
  serializedVersion: 6
  m_Component:
  - component: {fileID: 7210469026851898383}
  - component: {fileID: 7210469026851898382}
  - component: {fileID: 44337035}
  - component: {fileID: 44337037}
  - component: {fileID: 44337036}
  - component: {fileID: 7210469027972810017}
  m_Layer: 0
  m_Name: UIManager
  m_TagString: Untagged
  m_Icon: {fileID: 0}
  m_NavMeshLayer: 0
  m_StaticEditorFlags: 0
  m_IsActive: 1
--- !u!4 &7210469026851898383
Transform:
  m_ObjectHideFlags: 0
  m_CorrespondingSourceObject: {fileID: 0}
  m_PrefabInstance: {fileID: 0}
  m_PrefabAsset: {fileID: 0}
  m_GameObject: {fileID: 7210469026851898385}
  m_LocalRotation: {x: 0, y: 0, z: 0, w: 1}
  m_LocalPosition: {x: 0, y: 0, z: 0}
  m_LocalScale: {x: 1, y: 1, z: 1}
  m_Children: []
  m_Father: {fileID: 0}
  m_RootOrder: 0
  m_LocalEulerAnglesHint: {x: 0, y: 0, z: 0}
--- !u!114 &7210469026851898382
MonoBehaviour:
  m_ObjectHideFlags: 0
  m_CorrespondingSourceObject: {fileID: 0}
  m_PrefabInstance: {fileID: 0}
  m_PrefabAsset: {fileID: 0}
  m_GameObject: {fileID: 7210469026851898385}
  m_Enabled: 1
  m_EditorHideFlags: 0
  m_Script: {fileID: 11500000, guid: abdf8425482469948abc7a0f1c0e26aa, type: 3}
  m_Name: 
  m_EditorClassIdentifier: 
  influencedP1: {fileID: 0}
  influencedP2: {fileID: 0}
  coinsP1: {fileID: 0}
  coinsP2: {fileID: 0}
  rateP1: {fileID: 0}
  rateP2: {fileID: 0}
  contePanel1: {fileID: 0}
  contePanel2: {fileID: 0}
  smartphone: {fileID: 11400000, guid: 5a41996135367d24e8264622123f6068, type: 2}
  smartphoneCost: {fileID: 0}
  radio: {fileID: 11400000, guid: c8575150ca78be5468645b99823dd1dd, type: 2}
  radioCost: {fileID: 0}
  journal: {fileID: 11400000, guid: f5ca7a9f1f6b86842affe2a093328ab8, type: 2}
  journalCost: {fileID: 0}
  conte: {fileID: 11400000, guid: ca01877afd638d84082cfbd2ac538a02, type: 2}
  conteCost: {fileID: 0}
  pausePanel: {fileID: 0}
  tutorialPanel: {fileID: 0}
  changeTutorial: 1
  tutorialBack: {fileID: 0}
--- !u!114 &44337035
MonoBehaviour:
  m_ObjectHideFlags: 0
  m_CorrespondingSourceObject: {fileID: 0}
  m_PrefabInstance: {fileID: 0}
  m_PrefabAsset: {fileID: 0}
  m_GameObject: {fileID: 7210469026851898385}
  m_Enabled: 1
  m_EditorHideFlags: 0
  m_Script: {fileID: 11500000, guid: 86ec1657f6de79a46b157ce9f87cbfc0, type: 3}
  m_Name: 
  m_EditorClassIdentifier: 
  gameEvent: {fileID: 11400000, guid: ea7ff915cd9695e449a9a92fb6655ba7, type: 2}
  response:
    m_PersistentCalls:
      m_Calls:
      - m_Target: {fileID: 0}
        m_MethodName: SetActive
        m_Mode: 6
        m_Arguments:
          m_ObjectArgument: {fileID: 0}
          m_ObjectArgumentAssemblyTypeName: UnityEngine.Object, UnityEngine
          m_IntArgument: 0
          m_FloatArgument: 0
          m_StringArgument: 
          m_BoolArgument: 1
        m_CallState: 2
--- !u!114 &44337037
MonoBehaviour:
  m_ObjectHideFlags: 0
  m_CorrespondingSourceObject: {fileID: 0}
  m_PrefabInstance: {fileID: 0}
  m_PrefabAsset: {fileID: 0}
  m_GameObject: {fileID: 7210469026851898385}
  m_Enabled: 1
  m_EditorHideFlags: 0
  m_Script: {fileID: 11500000, guid: 57db4eabeb2ebf340acdcacb4d88ec15, type: 3}
  m_Name: 
  m_EditorClassIdentifier: 
  winner: {fileID: 0}
  winnerName: {fileID: 0}
  winnerInflu: {fileID: 0}
  runnerUp: {fileID: 0}
  runnerUpName: {fileID: 0}
  runnerUpInflu: {fileID: 0}
  draft: {fileID: 0}
--- !u!114 &44337036
MonoBehaviour:
  m_ObjectHideFlags: 0
  m_CorrespondingSourceObject: {fileID: 0}
  m_PrefabInstance: {fileID: 0}
  m_PrefabAsset: {fileID: 0}
  m_GameObject: {fileID: 7210469026851898385}
  m_Enabled: 1
  m_EditorHideFlags: 0
  m_Script: {fileID: 11500000, guid: 86ec1657f6de79a46b157ce9f87cbfc0, type: 3}
  m_Name: 
  m_EditorClassIdentifier: 
  gameEvent: {fileID: 11400000, guid: ea7ff915cd9695e449a9a92fb6655ba7, type: 2}
  response:
    m_PersistentCalls:
      m_Calls:
      - m_Target: {fileID: 44337037}
        m_MethodName: UpdateText
        m_Mode: 1
        m_Arguments:
          m_ObjectArgument: {fileID: 0}
          m_ObjectArgumentAssemblyTypeName: UnityEngine.Object, UnityEngine
          m_IntArgument: 0
          m_FloatArgument: 0
          m_StringArgument: 
          m_BoolArgument: 1
        m_CallState: 2
--- !u!114 &7210469027972810017
MonoBehaviour:
  m_ObjectHideFlags: 0
  m_CorrespondingSourceObject: {fileID: 0}
  m_PrefabInstance: {fileID: 0}
  m_PrefabAsset: {fileID: 0}
  m_GameObject: {fileID: 7210469026851898385}
  m_Enabled: 1
  m_EditorHideFlags: 0
  m_Script: {fileID: 11500000, guid: e1e39c7f1e5c7c247aee2767ba240059, type: 3}
  m_Name: 
  m_EditorClassIdentifier: 
  normalPerson: {fileID: 0}
  normalPersonTexts:
  - Normale
  - Normal
  influencedPerson: {fileID: 0}
  influencedPersonTexts:
  - Influenzato
  - Influenced
  fakeNews: {fileID: 0}
  fakeNewsTexts:
  - Bufale
  - Fake News
  trueFact: {fileID: 0}
  trueFactTexts:
  - Notizie vere
  - Real News
  distractions: {fileID: 0}
  distractionsTexts:
  - o distrazioni che pannano casualmente
  - or randomly distractions
  winCondition: {fileID: 0}
  winConditionTexts:
  - "Vince chi ha\ninfluenzato\ncon le fake news\npi\xF9        allo scadere\ndel
    tempo!"
  - "Wins who\ninfluences\nwith fake news more\n      when the\ntime runs out!"
  money: {fileID: 0}
  moneyTexts:
  - "Guadagni 5\u20AC\n per ogni persona      "
  - "You gain 5\xA3\n for each person      "
  controls: {fileID: 0}
  controlsTexts:
  - Controlli
  - Controls
  smartphoneTip: {fileID: 0}
  smartphoneTipTexts:
  - Click sul tuo
  - Click on your
  radioTip: {fileID: 0}
  radioTipTexts:
  - 'Click sulla

    tua mappa'
  - 'Click on

    your map'
  journalTip: {fileID: 0}
  journalTipTexts:
  - 'Nuovamente e/n

    sulla mappa

    avversaria'
  - 'Again e/n

    on the

    opponent map'
  playButton: {fileID: 0}
  playButtonTexts:
  - Gioca
  - Play
  backButtonTexts:
  - Indietro
  - Back
  replayButton: {fileID: 0}
  replayButtonTexts:
  - Rigioca
  - Play Again
  menuButton: {fileID: 0}
  menuButtonTexts:
  - Menu
  - Menu
  pauseTitle: {fileID: 0}
  pauseTitleTexts:
  - Pausa
  - Pause
  pauseHint: {fileID: 0}
  pauseHintTexts:
  - 'Per la

    tua pausa

    premi

    (ESC)'
  - 'For a

    break

    press

    (ESC)'
  pauseQuitButton: {fileID: 0}
  pauseQuitButtonTexts:
  - Esci
  - Quit
  currencies:
  - "\u20AC"
  - "\xA3"
